 Dungeon Crawl Stone Soup version 0.30-a0-568-g124715a40b (webtiles) character file.

Game seed: 3440436347844021309

578 bande the Covered (level 7, -1/44 HPs)
             Began as a Gargoyle Fighter on Dec 29, 2022.
             Was an Initiate of Okawaru.
             Slain by a killer bee (5 damage)
             ... on level 5 of the Dungeon.
             The game lasted 00:07:01 (3564 turns).

bande the Covered (Gargoyle Fighter)                Turns: 3564, Time: 00:07:01

Health: -1/44      AC: 16    Str: 19    XL:     7   Next: 35%
Magic:  7/7        EV:  7    Int:  9    God:    Okawaru [......]
Gold:   219        SH:  4    Dex: 11    Spells: 6/6 levels left

rFire   . . .      SeeInvis .    a - +1 war axe
rCold   . . .      Faith    .    c - +0 buckler
rNeg    + . .      Spirit   .    j - +0 chain mail
rPois   ∞          Reflect  .    (no helmet)
rElec   +          Harm     .    (no cloak)
rCorr   .          Rampage  .    u - +1 pair of gloves
Will    .....                    (no boots) Stlth
                                 (no amulet)
HPRegen 0.27/turn                (no ring)
MPRegen 0.10/turn                (no ring)

@: studying Shields
A: sickness immunity, AC +4, negative energy resistance 1, electricity
resistance, torment resistance 1, petrification resistance
a: Renounce Religion


You were on level 5 of the Dungeon.
You worshipped Okawaru.
Okawaru was noncommittal.
You visited 2 branches of the dungeon, and saw 6 of its levels.

You collected 219 gold pieces.

Inventory:

Hand Weapons
 a - a +1 war axe (weapon)
 p - a +0 morningstar
 r - a +0 war axe
Armour
 c - a +0 buckler (worn)
 j - a +0 chain mail (worn)
 u - a +1 pair of gloves (worn)
Scrolls
 f - 3 scrolls of teleportation
 i - a scroll of enchant armour
Potions
 b - 3 potions of resistance
 d - a potion of might
 e - 2 potions of curing {unknown}
 g - a potion of ambrosia {unknown}
 h - 2 potions of cancellation {unknown}
 l - a potion of attraction {unknown}
 t - a potion of heal wounds {unknown}


   Skills:
 + Level 4.9 Fighting
 + Level 5.0 Axes
 + Level 5.1 Armour
 - Level 0.1 Stealth
 + Level 4.3 Shields
 * Level 0.3 Invocations


You had 6 spell levels left.
You didn't know any spells.
Your spell library contained the following spells:

 Spells                   Type           Power      Damage    Failure   Level
 Beastly Appendage        Tmut           0%         N/A       99%         1
 Wereblood                Tmut           0%         N/A       100%        2
 Portal Projectile        Hex/Tloc       0%         N/A       100%        3
 Spider Form              Tmut/Pois      0%         N/A       100%        3
 Blade Hands              Tmut           0%         N/A       100%        5
 Tukima's Dance           Hex            Unusable   N/A       N/A         3

Dungeon Overview and Level Annotations

Branches:
Dungeon (5/15)             Temple (1/1) D:5

Altars:
Ashenzari
Cheibriados
Dithmenos
Elyvilon
Fedhas
Hepliaklqana
Kikubaaqudgha
Makhleb
Nemelex Xobeh
Okawaru
Qazlal
Ru
Trog
Uskayaw
Xom
Zin
The Shining One

Annotations:
Temple 2 transporters


Innate Abilities, Weirdness & Mutations

You are immune to sickness and miasma.
Your stone body is resilient. (AC +4)
You are immune to poison.
You resist negative energy. (rN+)
You are resistant to electric shocks. (rElec)
You are resistant to unholy torment.
You are immune to petrification.


Message History

You closely miss the killer bee.
The killer bee is severely wounded.
You closely miss the killer bee. You closely miss the water moccasin.
You miss the killer bee. You closely miss the killer bee.
You slash the killer bee! The killer bee closely misses you.
You block the killer bee's attack. The killer bee stings you.
The killer bee barely misses you. The killer bee stings you.
The water moccasin closely misses you.
An orc comes into view. It is wielding a +0 short sword.
The killer bee barely misses you.
The killer bee stings you but does no damage.
The killer bee stings you. The killer bee barely misses you.
You block the killer bee's attack. The water moccasin bites you!
* * * LOW HITPOINT WARNING * * *
You are too injured to fight recklessly!
You are too injured to fight recklessly!
You are too injured to fight recklessly!
Unknown command.
The killer bee attacks as you move away!
The killer bee completely misses you.
The killer bee attacks as you move away!
The killer bee stings you.
* * * LOW HITPOINT WARNING * * *
The water moccasin attacks as you move away!
The water moccasin barely misses you.
The killer bee stings you but does no damage.
The killer bee stings you.
* * * LOW HITPOINT WARNING * * *
The killer bee stings you but does no damage.
The killer bee stings you.
* * * LOW HITPOINT WARNING * * *
The killer bee completely misses you.
The killer bee stings you but does no damage.
The killer bee attacks as you move away!
You block the killer bee's attack.
The killer bee attacks as you move away!
The killer bee stings you but does no damage.
The killer bee attacks as you move away!
The killer bee stings you.
You die...

#.......# #o......#
####.......# ...[
........o....# #...#..
#........### #......#
#........... #
..#.#.#.#..y........ ..
###.#...#.yyyS......
...###...##..##.@y5......
.#........#......y.......
..[##..>..##...#!........
#...#........#.......#...
#.#.##)..###.........# ..
#.#..#.###.........### #
#....#[#...........#
##..........##+#.###
......#.....# #.#


You could see a water moccasin, 6 killer bees, a white imp and 2 orcs.

Vanquished Creatures
  A centaur (D:5)
  2 phantoms (D:4)
  A scorpion (D:4)
  A necrophage (D:5)
  An orc priest (D:4)
  An iguana (D:4)
  8 adders
  5 worms
  3 dart slugs
  8 orcs
  11 ball pythons
  5 endoplasms
  8 goblins
  6 hobgoblins
  6 jackals
  7 kobolds
  A quokka (D:3)
  7 bats
  4 frilled lizards
  4 rats
90 creatures vanquished.

Notes
Turn   | Place    | Note
-------+----------+-------------------------------------------
     0 | D:1      | bande the Gargoyle Fighter began the quest for the Orb.
     0 | D:1      | Reached XP level 1. HP: 14/14 MP: 1/1
    73 | D:1      | Reached XP level 2. HP: 16/19 MP: 2/2
   133 | D:1      | Found a faded altar of an unknown god.
   639 | D:1      | Reached XP level 3. HP: 22/23 MP: 3/3
   936 | D:2      | Identified the +4 sling "Xeenetat" {freeze, rPois MP+9
                  | Str+2}
  1632 | D:3      | Reached XP level 4. HP: 22/29 MP: 4/4
  2060 | D:4      | Noticed a scorpion
  2069 | D:4      | Reached XP level 5. HP: 31/33 MP: 5/5
  2188 | D:4      | Identified a scroll of acquirement
  2188 | D:4      | Acquired a manual of Shields
  2210 | D:4      | Noticed a phantom
  2225 | D:4      | Killed a phantom
  2226 | D:4      | Reached XP level 6. HP: 31/39 MP: 6/6
  3379 | D:5      | Entered Level 5 of the Dungeon
  3396 | D:5      | Reached skill level 5 in Armour
  3396 | D:5      | Reached XP level 7. HP: 35/44 MP: 7/7
  3477 | D:5      | Found a staircase to the Ecumenical Temple.
  3489 | D:5      | Reached skill level 5 in Axes
  3494 | Temple   | Entered the Ecumenical Temple
  3494 | Temple   | Found a transporter.
  3494 | Temple   | Found a transporter.
  3497 | Temple   | Found a transporter.
  3497 | Temple   | Found a transporter.
  3508 | Temple   | Became a worshipper of Warmaster Okawaru
  3564 | D:5      | Slain by a killer bee

Illustrated notes

Levels and vault maps discovered:
D:1:      saegor_arrival_fortress, layout_basic,
          dreamdust_ecumenical_altar_angels_and_demons
D:2:      layout_loops_ring
D:3:      layout_rooms, hangedman_decor_growths
D:4:      layout_basic, hangedman_abyss_or_decor_lesser_grid
D:5:      layout_basic, minmay_temple_entry_slanted,
          ebering_dispersal_statue_hall, minmay_statues_item,
          kennysheep_generic_room_12
Temple:   hellmonk_temple_divided_pantheon

Skill      XL: |  1  2  3  4  5  6  7 |
---------------+----------------------+-----
Axes           | 2 3 4 5 |  5.0
Armour         | 4 5 |  5.1
Fighting       | 4 |  4.9
Shields        | 4 |  4.3
Stealth        | |  0.1
Invocations    | |  0.3

Action                   |  1- 3 |  4- 6 |  7- 9 || total
-------------------------+-------+-------+-------++-------
Melee: War axe           |   123 |   167 |    23 ||   313
  Use: Scroll            |       |    11 |       ||    11
Armor: Scale mail        |    21 |       |       ||    21
       Chain mail        |    56 |   122 |    40 ||   218
Dodge: Dodged            |    57 |    63 |    37 ||   157
Block: Buckler           |    30 |    31 |    15 ||    76

Table legend: (Time is in decaauts)
 A = Elapsed time spent in this place.
 B = Non-inter-level travel time spent in this place.
 C = Inter-level travel time spent in this place.
 D = Time resting spent in this place.
 E = Time spent auto-exploring this place.
 F = Levels seen in this place.
 G = Mean time per level.
                   A        B        C        D        E       F      G
               +--------+--------+--------+--------+--------+-----+--------+
         Total |   3684 |   3624 |     60 |    591 |   2170 |   6 |  614.0 |
       Dungeon |   3649 |   3589 |     60 |    591 |   2170 |   5 |  729.8 |
        Temple |     34 |     34 |      0 |      0 |      0 |   1 |   34.0 |
               +--------+--------+--------+--------+--------+-----+--------+

Top non-repeatable levels by time:
     D:4: 1353 daAuts
     D:1: 821 daAuts
     D:2: 750 daAuts
     D:3: 562 daAuts
     D:5: 161 daAuts
  Temple: 34 daAuts
